 Seeded DCSS version 0.29.1-15-g9cfb28693d (webtiles) character file.

Game seed: 4303940090206296141 (custom seed)

12 Psyclone the Conjurer (level 2, 15/15 HPs)
             Began as a Deep Elf Conjurer on Oct 4, 2023.
             Quit the game on level 1 of the Dungeon.
             The game lasted 00:01:56 (1002 turns).

Psyclone the Conjurer (Deep Elf Conjurer)           Turns: 1002, Time: 00:01:56

Health: 15/15      AC:  2    Str:  4    XL:     2   Next: 20%
Magic:  8/8        EV: 12    Int: 22    God:
Gold:   85         SH:  0    Dex: 13    Spells: 4/7 levels left

rFire   . . .      SeeInvis .   (no weapon)
rCold   . . .      Faith    .   (no shield)
rNeg    . . .      Spirit   .   a - +0 robe
rPois   .          Reflect  .   (no helmet)
rElec   .          Harm     .   (no cloak)
rCorr   .          Rampage  .   (no gloves)
Will    .....                   (no boots)
Stlth   +.........              (no amulet)
HPRegen 0.05/turn               (no ring)
MPRegen 0.11/turn               (no ring)

@: mighty, very slow
A: no striking features
a: no special abilities


You were on level 1 of the Dungeon.
You visited 1 branch of the dungeon, and saw 1 of its levels.

You collected 85 gold pieces.

Inventory:

Armour
 a - a +0 robe (worn)
Scrolls
 c - a scroll of teleportation
 d - a scroll of magic mapping
 e - 2 scrolls of identify {@r1}
Potions
 b - a potion of magic


   Skills:
 - Level 2.4 Dodging
 - Level 2.4 Stealth
 + Level 3.3 Spellcasting
 * Level 4.8 Conjurations


You had 4 spell levels left.
You knew the following spells:

 Your Spells              Type           Power      Damage    Failure   Level
a - Magic Dart            Conj           100%       1d8       1%          1
b - Searing Ray           Conj           50%        2d6       2%          2

Your spell library contained the following spells:

 Spells                   Type           Power      Damage    Failure   Level
 Dazzling Flash           Conj/Hex       28%        N/A       13%         3
 Fulminant Prism          Conj/Hex       7%         3d7       41%         4
 Iskenderun's Mystic Bla  Conj/Tloc      14%        2d5       41%         4


Dungeon Overview and Level Annotations

Branches:
Dungeon (1/15) Zot: 4983

Altars:


Message History

You start waiting.
Your quokka dissolves into shadows!
Your kobold dissolves into shadows!
Your bat dissolves into shadows!
Done waiting.
You see here a frilled lizard corpse.
You now have 79 gold pieces (gained 14).
e - a scroll of identify {@r1} You open the door.
There is an open door here.
There is an open door here.
There is a stone staircase leading down here.
You open the door.
There is an open door here.
You now have 85 gold pieces (gained 6).
Found a chain mail.
Found a mace.
You see here a +0 mace.
There is a stone staircase leading down here.
e - 2 scrolls of identify {@r1} (gained 1)
There is an open door here.
There is an open door here.
There is an open door here.
You enter the shallow water.
Moving in this stuff is going to be slow.
You enter the shallow water.
Moving in this stuff is going to be slow.
You enter the shallow water.
Moving in this stuff is going to be slow.
You enter the shallow water.
Moving in this stuff is going to be slow.
You enter the shallow water.
Moving in this stuff is going to be slow.
You enter the shallow water.
Moving in this stuff is going to be slow.
Done exploring.
Okay, then.
It was a potion of might.
You feel very mighty all of a sudden.
Are you sure you want to abandon this character and quit the game? (Confirm with "yes".)

#...#~♣♣~~~~~~~.P~#####..#
#####~♣P~~P.P~~PP~# ##.#
#~♣.~~P.♣~~♣P~# #.#
#~.♣~~PP♣~~.♣~# #.##
#~♣P~~♣P♣~~P.~# #..#
#~P♣~~.P.~~♣P~# ##.##
#~♣.~~PPP~~PP~# #....
#~.P~~PP♣~~♣P~# #.#.#
#~~~~~~@~~~~~~######.#..
###############........#
#......... #.........
#####..... #..... ##'#..
###.### ############...# #


There were no monsters in sight!

Vanquished Creatures
  A dart slug (D:1)
  An endoplasm (D:1)
  2 goblins (D:1)
  A hobgoblin (D:1)
  2 ball pythons (D:1)
  2 kobolds (D:1)
9 creatures vanquished.

Vanquished Creatures (collateral kills)
  A frilled lizard (D:1)
1 creature vanquished.

Grand Total: 10 creatures vanquished

Notes
Turn   | Place    | Note
-------+----------+-------------------------------------------
     0 | D:1      | Psyclone the Deep Elf Conjurer began the quest for the Orb.
     0 | D:1      | Reached XP level 1. HP: 10/10 MP: 6/6
   253 | D:1      | Reached XP level 2. HP: 15/15 MP: 0/8
   271 | D:1      | Learned a level 2 spell: Searing Ray
  1002 | D:1      | Quit the game

Illustrated notes

Levels and vault maps discovered:
D:1:      lightli_arrival_farm, layout_basic, minmay_indecisive_spiral

Action                   || total
-------------------------++-------
 Cast: Magic Dart        ||    18
  Use: Scroll            ||     3
       Potion            ||     1
Dodge: Dodged            ||     1
